 Dungeon Crawl Stone Soup version 0.17-a0-1450-g7e755d1 (webtiles) character file.

268 pulse the Chopper (level 6, -10/49 HPs)
             Began as a Formicid Berserker on June 30, 2015.
             Was a Priest of Trog.
             Mangled by an ogre
             ... wielding a +0 giant spiked club
              (24 damage)
             ... on level 4 of the Dungeon.
             The game lasted 00:06:28 (3251 turns).

pulse the Chopper (Formicid Berserker)              Turns: 3251, Time: 00:06:28

Health: -10/49     AC:  8    Str: 23    XL:     6   Next: 46%
Magic:  6/6        EV: 10    Int:  7    God:    Trog [***...]
Gold:   156        SH:  0    Dex: 10    Spells: 0 memorised, 5 levels left

rFire  . . .     SeeInvis +     x - +0 war axe
rCold  . . .     Clarity  .     m - +1 scale mail
rNeg   . . .     SustAt   .     (no shield)
rPois  .         Gourm    .     (helmet unavailable)
rElec  .         Spirit   .     (no cloak)
rCorr  .         Warding  .     (no gloves)
rMut   .         Stasis   +     (no boots)
MR     +....                    (no amulet)
Stlth  ..........               n - ring of protection from magic
                                (no ring)

@: somewhat resistant to hostile enchantments, extremely unstealthy
A: permanent stasis, dig shafts and tunnels, four strong arms, antennae 3
a: Dig, Shaft Self, Burn Spellbooks, Trog's Hand, Renounce Religion


You were on level 4 of the Dungeon.
You worshipped Trog.
Trog was most pleased with you.
You were hungry.

You visited 1 branch of the dungeon, and saw 4 of its levels.

You collected 156 gold pieces.

Inventory:

Hand weapons
 a - a +0 hand axe
 x - a +0 war axe (weapon)
Armour
 m - a +1 scale mail (worn)
Jewellery
 n - a ring of protection from magic (right hand)
Magical devices
 w - a wand of random effects (33)
Scrolls
 e - a scroll of enchant armour
 g - 6 scrolls of identify
 h - a scroll of random uselessness
 j - 2 scrolls of remove curse
 q - a scroll of immolation
Potions
 b - 2 potions of heal wounds
 d - 2 potions of flight
 f - a potion of haste {unknown}
 i - a potion of agility {unknown}
 k - a potion of might {unknown}
 o - a potion of curing {unknown}
 t - a potion of degeneration {unknown}
 u - a potion of cancellation {unknown}
Comestibles
 c - 4 bread rations
 l - a chunk of flesh
 p - 2 meat rations
 r - 4 fruits


   Skills:
 + Level 4.5 Fighting
 * Level 5.0 Axes
 + Level 4.2 Armour
 - Level 1.8 Dodging
 + Level 0.3 Stealth


You had 5 spell levels left.
You didn't know any spells.

Dungeon Overview and Level Annotations

Branches:
Dungeon (4/15)
 Temple: D:4-7

Altars:
Dithmenos
Makhleb
Okawaru
Vehumet
Zin


Innate Abilities, Weirdness & Mutations

You are under a permanent stasis effect.
You can dig through walls and to a lower floor.
Your four strong arms can wield two-handed weapons with a shield.
You have a pair of large antennae on your head (SInv).


Message History

The rat bites you but does no damage.
You hit the rat.
You kill the rat!
Trog accepts your kill.
You now have 156 gold pieces (gained 12).
You see here a club.
An ogre comes into view. It is wielding a giant spiked club.
The ogre shouts!
You barely miss the ogre.
The ogre hits you with a giant spiked club!
You slash the ogre!
The ogre is moderately wounded.
You slash the ogre!
The ogre is severely wounded.
The ogre hits you with a giant spiked club!!
* * * LOW HITPOINT WARNING * * *
You hit the ogre.
The ogre is severely wounded.
The ogre hits you with a giant spiked club!!
You die...

### **##* *********#.#**..,***
*,,,,,,,,...*#.#,,,*
*,**####,#.#,..#*,,*
*******,*,,..........**++********
,,,,**,,,,***..#.#.#**,,,**,,,,,,
,,,,,...[.* *,#.O.#* **__**,*****
,,,,*#....###.,#@#* *⌠⌠**,*
,,,,**........,#.# *****,*
,,,,**....(..,,#.# **,*
******#.#...#**#.# *,,* #.#...#
#.# *,** #.#.<.####.# *,*
#........).#********,******
##....#####.......,,,,,,,,,
#.....# *.######*,,,*****


You could see an ogre.

Vanquished Creatures
  The ghost of Sirial the Sneak, an average DsAs of Fedhas (D:4)
  An iguana (D:3)
  A gnoll (D:3)
  Robin (D:3)
  4 adders
  A shadow imp (D:3)
  2 oozes (D:1)
  A worm (D:2)
  6 orcs (D:3)
  9 bats
  2 giant cockroaches
  12 hobgoblins
  10 kobolds
  A ball python (D:1)
  A giant newt (D:1)
  16 goblins
  7 jackals
  6 rats
82 creatures vanquished.

Vanquished Creatures (others)
  A scorpion (D:4)
  An orc wizard (D:4)
  A quokka (D:4)
  A bat (D:4)
4 creatures vanquished.

Grand Total: 86 creatures vanquished

Notes
Turn   | Place    | Note
--------------------------------------------------------------
     0 | D:1      | pulse the Formicid Berserker began the quest for the Orb.
     0 | D:1      | Reached XP level 1. HP: 18/18 MP: 1/1
   310 | D:1      | Reached XP level 2. HP: 18/24 MP: 2/2
   501 | D:1      | Reached XP level 3. HP: 25/29 MP: 3/3
   545 | D:1      | Acquired Trog's second power
  1089 | D:2      | Found a shadowy altar of Dithmenos.
  1508 | D:2      | Reached XP level 4. HP: 37/37 MP: 4/4
  1526 | D:2      | Found a burning altar of Makhleb.
  1528 | D:2      | Noticed a blizzard demon
  1532 | D:2      | Found a glowing silver altar of Zin.
  1532 | D:2      | Noticed an angel
  1571 | D:2      | Found a radiant altar of Vehumet.
  1672 | D:3      | Reached skill level 4 in Axes
  2064 | D:3      | Found an iron altar of Okawaru.
  2287 | D:3      | Reached XP level 5. HP: 42/42 MP: 5/5
  2379 | D:3      | Noticed Robin
  2393 | D:3      | Killed Robin
  3155 | D:4      | Noticed Sirial's ghost (average DsAs)
  3165 | D:4      | Killed Sirial's ghost
  3165 | D:4      | Reached skill level 5 in Axes
  3165 | D:4      | Reached XP level 6. HP: 33/49 MP: 3/6
  3245 | D:4      | Noticed an ogre
  3251 | D:4      | Mangled by an ogre

Vault maps used:
D:1:      matt_arrival_los_fun
D:2:      grunt_temple_overflow_order_and_chaos_2,
          nicolae_dithmenos_shadow_blocks, nicolae_overflow_hidden_temple,
          first_bread
D:3:      okawaru_altar_gauntlet_db, uniq_robin
D:4:      xom_confusion_cloud, gammafunk_temple_overflow_wave,
          portal_sewer_entry_e, uniq_pikel

Action                   |  1- 3 |  4- 6 || total
-------------------------+-------+-------++-------
Melee: Hand axe          |   122 |    22 ||   144
       War axe           |       |   117 ||   117
  Use: Potion            |       |     1 ||     1
       Scroll            |       |     6 ||     6
  Eat: Chunk             |       |     7 ||     7
